 Dungeon Crawl Stone Soup version 0.17-a0-1984-g55f5988 (console) character file.

44764 Garrluk the Shatterer (level 14, -4/144 HPs)
             Began as an Ogre Gladiator on Oct 6, 2015.
             Was a High Priest of Okawaru.
             Slain by a six-headed hydra (11 damage)
             ... on level 8 of the Lair of Beasts.
             The game lasted 01:14:32 (23940 turns).

Garrluk the Shatterer (Ogre Gladiator)             Turns: 23940, Time: 01:14:32

Health: -4/144     AC:  9    Str: 23    XL:     14   Next: 30%
Magic:  12/14      EV: 15    Int: 13    God:    Okawaru [*****.]
Gold:   1657       SH:  0    Dex: 10    Spells: 0 memorised, 13 levels left

rFire  . . .     SeeInvis .     a - +0 giant spiked club
rCold  + . .     Clarity  .     V - +0 robe {rC+}
rNeg   . . .     SustAt   .     (no shield)
rPois  +         Gourm    .     G - +0 hat {MR+}
rElec  +         Spirit   .     F - +2 cloak
rCorr  .         Warding  .     (gloves unavailable)
rMut   .         Stasis   .     (boots unavailable)
MR     ++...                    (no amulet)
Stlth  ++........               y - ring of poison resistance
                                m - +4 ring of protection (curse)

@: heroism, very resistant to hostile enchantments, unstealthy
A: unfitting armour, clever 1, deformed body, electricity resistance, slow
regeneration 1, tough skin 1
a: Heroism, Finesse, Renounce Religion


You were on level 8 of the Lair of Beasts.
You worshipped Okawaru.
Okawaru was extremely pleased with you.
You were not hungry.

You visited 3 branches of the dungeon, and saw 20 of its levels.
You also visited: Ice Cave and Volcano.

You collected 1813 gold pieces.
You spent 156 gold pieces at shops.

Notes
Turn   | Place    | Note
--------------------------------------------------------------
     0 | D:1      | Garrluk the Ogre Gladiator began the quest for the Orb.
     0 | D:1      | Reached XP level 1. HP: 22/22 MP: 1/1
    63 | D:1      | Reached XP level 2. HP: 23/29 MP: 2/2
   330 | D:1      | Reached XP level 3. HP: 34/36 MP: 3/3
   341 | D:1      | Reached skill level 5 in Maces & Flails
   981 | D:2      | Reached XP level 4. HP: 28/44 MP: 4/4
  1518 | D:2      | Reached skill level 6 in Maces & Flails
  1663 | D:3      | Noticed godescalc's ghost (amateur HEAE)
  1991 | D:3      | Noticed Robin
  2008 | D:3      | Reached XP level 5. HP: 50/50 MP: 5/5
  2146 | D:3      | Killed Robin
  2278 | D:4      | Found Kuzyume's Distillery.
  2286 | D:4      | Bought a potion of haste for 120 gold pieces
  2286 | D:4      | Bought a potion of curing for 36 gold pieces
  2340 | D:4      | Reached skill level 7 in Maces & Flails
  2352 | D:4      | Found an iron altar of Okawaru.
  2670 | D:4      | Reached XP level 6. HP: 36/59 MP: 6/6
  2730 | D:4      | Reached skill level 8 in Maces & Flails
  2733 | D:4      | Found an opulent altar of Gozag.
  2854 | D:4      | Reached XP level 7. HP: 13/66 MP: 7/7
  3393 | D:4      | Reached skill level 9 in Maces & Flails
  3423 | D:4      | Found a blossoming altar of Fedhas.
  3423 | D:4      | Found an ancient bone altar of Kikubaaqudgha.
  3445 | D:4      | Found a burning altar of Makhleb.
  3862 | D:5      | Entered Level 5 of the Dungeon
  4008 | D:5      | Found a shadowy altar of Dithmenos.
  4043 | D:5      | Found Fuffousu's Book Boutique.
  4162 | D:5      | Reached skill level 5 in Throwing
  4206 | D:5      | Found a deep blue altar of Sif Muna.
  4650 | D:6      | Found a staircase to the Ecumenical Temple.
  4665 | Temple   | Entered the Ecumenical Temple
  4900 | D:6      | Reached skill level 10 in Maces & Flails
  4905 | D:6      | Reached XP level 8. HP: 69/74 MP: 8/8
  4916 | D:6      | Noticed Menkaure
  4955 | D:6      | Killed Menkaure
  5479 | D:6      | Found a glowing silver altar of Zin.
  5495 | D:6      | Reached skill level 11 in Maces & Flails
  5710 | D:6      | Found a sparkling altar of Nemelex Xobeh.
  5762 | D:7      | Found a radiant altar of Vehumet.
  6097 | D:7      | Reached skill level 12 in Maces & Flails
  6148 | D:7      | Found a basalt altar of Yredelemnul.
  6164 | D:7      | Reached XP level 9. HP: 80/80 MP: 9/9
  6279 | D:4      | Became a worshipper of Warmaster Okawaru
  6358 | D:7      | Found a white marble altar of Elyvilon.
  6732 | D:7      | Acquired Okawaru's first power
  6732 | D:7      | Reached skill level 13 in Maces & Flails
  7104 | D:8      | Noticed Psyche
  7118 | D:8      | Killed Psyche
  7118 | D:8      | Reached skill level 14 in Maces & Flails
  7277 | D:8      | Reached XP level 10. HP: 64/88 MP: 10/10
  7970 | D:8      | Reached skill level 15 in Maces & Flails
  8933 | D:9      | Reached skill level 16 in Maces & Flails
  9018 | D:9      | Found a staircase to the Lair.
  9076 | D:9      | Reached XP level 11. HP: 45/96 MP: 11/11
  9635 | D:9      | Found a shattered altar of Ashenzari.
  9869 | D:9      | Found a bloodstained altar of Trog.
  9934 | D:9      | Received a gift from Okawaru
 10109 | D:10     | Entered Level 10 of the Dungeon
 10109 | D:10     | Found a glowing silver altar of Zin.
 10191 | D:10     | Reached skill level 10 in Throwing
 10561 | D:10     | Found a sparkling altar of Nemelex Xobeh.
 10566 | D:10     | Reached skill level 17 in Maces & Flails
 10962 | D:11     | Found a radiant altar of Vehumet.
 11088 | Lair:1   | Entered Level 1 of the Lair of Beasts
 11134 | Lair:1   | Received a gift from Okawaru
 11164 | Lair:1   | HP: 4/97 [river rat (2)]
 11398 | Lair:1   | Noticed SkyBlueFox's ghost (journeyman OpTm)
 11419 | Lair:1   | Killed SkyBlueFox's ghost
 11487 | Lair:1   | Received a gift from Okawaru
 11539 | Lair:1   | Received a gift from Okawaru
 11858 | Lair:1   | Found a shattered altar of Ashenzari.
 12095 | Lair:1   | Reached skill level 5 in Fighting
 12739 | Lair:1   | Acquired Okawaru's second power
 12739 | Lair:1   | Received a gift from Okawaru
 12847 | Lair:2   | Reached XP level 12. HP: 85/111 MP: 12/12
 13858 | Lair:2   | Reached skill level 18 in Maces & Flails
 13981 | Lair:3   | Reached skill level 5 in Dodging
 14161 | Lair:3   | Noticed Gastronok
 14172 | Lair:3   | Killed Gastronok
 14348 | Lair:3   | Received a gift from Okawaru
 14503 | Lair:3   | Gained mutation: You are resistant to electric shocks. [potion of mutation]
 14503 | Lair:3   | Gained mutation: Armour fits poorly on your strangely shaped body. [potion of mutation]
 14503 | Lair:3   | Gained mutation: You regenerate slowly when monsters are visible. [potion of mutation]
 15024 | Lair:4   | Found a hole to the Spider Nest.
 15037 | Lair:4   | Received a gift from Okawaru
 15038 | Lair:4   | Got a distressingly furry robe {god gift}
 15050 | Lair:4   | Identified the +0 robe "Akotu" {*Corrode +Blink +Fly Int-5} (Okawaru gifted it to you on level 4 of the Lair of Beasts)
 15368 | Lair:4   | HP: 6/172 [wolf (7)]
 15424 | Lair:4   | HP: 5/118 [griffon (6)]
 16206 | Lair:4   | Reached skill level 19 in Maces & Flails
 16337 | Lair:4   | Found a staircase to the Swamp.
 17073 | Lair:5   | Reached XP level 13. HP: 97/127 MP: 13/13
 18059 | Lair:6   | Found a dark tunnel.
 18067 | Lair:6   | Gained mutation: Your mind is acute. (Int +2) [potion of mutation]
 18076 | Volcano  | Entered a volcano
 19087 | Lair:6   | Received a gift from Okawaru
 19560 | Lair:6   | Received a gift from Okawaru
 20126 | Lair:7   | Reached skill level 20 in Maces & Flails
 20347 | Lair:7   | Identified a scroll of acquirement
 21186 | Lair:7   | Reached skill level 10 in Fighting
 21210 | Lair:7   | Received a gift from Okawaru
 21623 | Lair:7   | Found a basalt altar of Yredelemnul.
 22244 | Lair:7   | Reached XP level 14. HP: 84/144 MP: 14/14
 22707 | Lair:8   | Entered Level 8 of the Lair of Beasts
 22772 | Lair:8   | Found a frozen archway.
 22952 | IceCv    | Entered an ice cave
 23349 | IceCv    | Noticed Kagerus's ghost (journeyman HuFi)
 23487 | IceCv    | Killed Kagerus's ghost
 23549 | IceCv    | Reached skill level 21 in Maces & Flails
 23939 | Lair:8   | HP: 7/144 [crocodile (4)]
 23940 | Lair:8   | Slain by a six-headed hydra

Inventory:

Hand Weapons
 a - a +0 giant spiked club (weapon)
   (You took it off a two-headed ogre on level 8 of the Dungeon)
 u - a +2 dire flail of holy wrath
   (Okawaru gifted it to you on level 6 of the Lair of Beasts)
Missiles
 t - 9 tomahawks
 D - a poisoned tomahawk
 P - 2 javelins of penetration (quivered)
 R - 2 javelins
 U - 4 silver tomahawks
Armour
 d - an ice dragon hide
   (You found it in an ice cave)
 F - a +2 cloak (worn)
   (You found it on level 6 of the Dungeon)
 G - a +0 hat of magic resistance (worn)
   (You took it off Gastronok on level 3 of the Lair of Beasts)
 T - a +1 robe of fire resistance
   (You acquired it on level 7 of the Lair of Beasts)
 V - a +0 robe of cold resistance (worn)
   (Okawaru gifted it to you on level 7 of the Lair of Beasts)
Jewellery
 h - an uncursed amulet of resist corrosion
   (You found it in an ice cave)
 m - a cursed +4 ring of protection (left hand)
   (You found it in an ice cave)
 n - an uncursed ring of protection from fire
   (You found it in an ice cave)
 o - an uncursed ring of sustain attributes
   (You found it on level 1 of the Lair of Beasts)
 y - a ring of poison resistance (right hand)
   (You found it on level 4 of the Dungeon)
 B - a +3 ring of dexterity
   (You found it on level 9 of the Dungeon)
 J - an uncursed ring of positive energy
   (You found it on level 7 of the Dungeon)
 L - an uncursed amulet of stasis
   (You found it on level 9 of the Dungeon)
Wands
 M - a wand of lightning (10)
   (You found it on level 4 of the Lair of Beasts)
 Z - a wand of digging (9)
   (You found it on level 7 of the Lair of Beasts)
Scrolls
 f - 15 scrolls of identify
 i - a scroll of magic mapping
 q - 7 scrolls of recharging
 r - 6 scrolls of remove curse
 x - a scroll of fear
 z - 4 scrolls of fog
 C - 2 scrolls of teleportation
Potions
 c - 5 potions of haste
 g - a potion of invisibility
 j - 3 potions of lignification
 k - a potion of ambrosia
 l - a potion of magic
 p - 7 potions of curing
 A - 2 potions of might
 E - 4 potions of resistance
 S - 3 potions of brilliance
Comestibles
 e - 10 bread rations
 s - 13 fruits

Table legend:
 A = Turns spent in this place as a percentage of turns spent in the entire game.
 B = Non-inter-level travel turns spent in this place as a percentage of non-inter-level travel turns spent in the entire game.
 C = Inter-level travel turns spent in this place as a percentage of turns spent in this place.
 D = Turns resting spent in this place as a percentage of non-inter-level travel turns spent in this place.
 E = Turns spent auto-exploring this place as a percentage of non-inter-level travel turns spent in this place.
 F = Non-inter-level travel turns spent in this place divided by the number of levels of this place that you've seen.
                   A       B       C       D       E      F
               +-------+-------+-------+-------+-------+----------------------
         Total | 100.0 | 100.0 |   0.6 |   2.5 |   6.0 | 340.2
       Dungeon |  46.3 |  46.3 |   0.6 |   1.9 |   7.5 | 315.0
        Temple |   0.4 |   0.4 |   3.6 |   0.0 |  11.1 |  27.0
          Lair |  47.3 |  47.2 |   0.7 |   2.2 |   5.1 | 441.9
      Ice Cave |   3.5 |   3.6 |   0.0 |   4.5 |   1.1 | 267.0
       Volcano |   2.5 |   2.6 |   0.0 |  15.2 |   0.5 | 191.0
               +-------+-------+-------+-------+-------+----------------------


   Skills:
 + Level 10.9(15.9) Fighting
 * Level 21.0(26.0) Maces & Flails
 + Level 12.5(17.5) Throwing
 + Level 8.0(13.0) Dodging


You had 13 spell levels left.
You didn't know any spells.

Dungeon Overview and Level Annotations

Branches:
Dungeon (11/15)            Temple (1/1) D:6            Lair (8/8) D:9
  Swamp (0/4) Lair:4       Spider (0/4) Lair:4
  Slime: Lair:6-8       Orc: D:9-12

Altars:
Ashenzari
Cheibriados
Dithmenos
Elyvilon
Fedhas
Gozag
Kikubaaqudgha
Makhleb
Nemelex Xobeh
Okawaru
Qazlal
Ru
Sif Muna
Trog
Vehumet
Xom
Yredelemnul
Zin
The Shining One
Jiyva

Shops:
D:4 !   D:5 :

Annotations:
D:3 godescalc's ghost, amateur HEAE
Lair:7 slime lair, exclusion: oklob plant


Innate Abilities, Weirdness & Mutations

You are too large for most types of armour.
You have tough skin (AC +1).
Your mind is acute. (Int +2)
Armour fits poorly on your strangely shaped body.
You are resistant to electric shocks.
You regenerate slowly when monsters are visible.


Message History

The six-headed hydra bites you!
* * * LOW HITPOINT WARNING * * *
The six-headed hydra bites you.
* * * LOW HITPOINT WARNING * * *
The six-headed hydra bites you but does no damage. x2
The crocodile closely misses you.
The six-headed hydra bites you but does no damage.
The six-headed hydra completely misses you.
The six-headed hydra bites you.
* * * LOW HITPOINT WARNING * * *
The six-headed hydra bites you.
* * * LOW HITPOINT WARNING * * *
The six-headed hydra misses you.
The six-headed hydra bites you but does no damage.
The crocodile bites you.
* * * LOW HITPOINT WARNING * * *
The crocodile bites you.
* * * LOW HITPOINT WARNING * * *
The six-headed hydra bites you!
You die...

.....[##,*****,#..#.P.#**
.........* *,#.,#...##
P.....###* **#..#P.P#
###...#,* ##..#.(P###
*##...* #..[#...#.#
*...## #P..P.(...#
###...# ##....(...##
*..#.## ##..........#
**#...* #......(....#
*#÷#######.P..t......##
###...........@D......P#
#....########........P##
#.<†P## *##........#
#.PP†.# *,#PP......#
*#.P.### *#.PP......#
*#..#.# #..P.....###
#....## #P..P....P#
#...#* #........##
#P..,** ****,,,,*,,**
..P.,,* *,,,,,,,,,,*
.P.,,** *,,,,,,,,,,**


You could see a six-headed hydra and a crocodile.

Table legend:
 A = Kills in this place as a percentage of kills in entire the game.
 B = Kills by you in this place as a percentage of kills by you in the entire game.
 C = Kills by friends in this place as a percentage of kills by friends in the entire game.
 D = Other kills in this place as a percentage of other kills in the entire game.
 E = Experience gained in this place as a percentage of experience gained in the entire game.
 F = Experience gained in this place divided by the number of levels of this place that you have seen.
                   A       B       C       D       E      F
               +-------+-------+-------+-------+-------+----------------------
         Total | 100.0 | 100.0 |  -nan |  -nan | 100.0 | 2906.8
       Dungeon |  48.6 |  48.6 |  -nan |  -nan |  19.5 | 1136.1
          Lair |  47.3 |  47.3 |  -nan |  -nan |  70.3 | 5618.0
      Ice Cave |   3.2 |   3.2 |  -nan |  -nan |   8.8 | 5649.0
       Volcano |   0.8 |   0.8 |  -nan |  -nan |   1.3 | 859.0
               +-------+-------+-------+-------+-------+----------------------

Vanquished Creatures
  Monster Symbol All ' '
  The ghost of Kagerus the Spear-Bearer, a journeyman HuFi of Yredelemnul (IceCv)
  The ghost of SkyBlueFox the Nimble, a journeyman OpTm of Yredelemnul (Lair:1)
2 creatures vanquished. All '5' 3 crimson imps 5 shadow imps
8 creatures vanquished. All '8' An ice statue (IceCv)
1 creature vanquished. All '@' Psyche (D:8)
1 creature vanquished. All 'B' A boulder beetle (Lair:6)
1 creature vanquished. All 'D' 2 ice dragons (IceCv) 3 hydras
5 creatures vanquished. All 'F' 8 spiny frogs 15 blink frogs 14 giant frogs
37 creatures vanquished. All 'H' 2 griffons 7 hippogriffs
9 creatures vanquished. All 'J' 5 jellies 3 oozes
8 creatures vanquished. All 'K' 3 kobolds
3 creatures vanquished. All 'M' Menkaure (D:6)
1 creature vanquished. All 'O' 3 two-headed ogres 4 ogres
7 creatures vanquished. All 'P' 21 fungi 25 plants
46 creatures vanquished. All 'S' 7 black mambas 18 water moccasins A lava snake (D:8) 13 adders 2 ball pythons
41 creatures vanquished. All 'T' 2 trolls (D:9)
2 creatures vanquished. All 'W' A phantom (D:7)
1 creature vanquished. All 'Y' A death yak (Lair:6) 3 elephants (Lair:7) 42 yaks 24 ice beasts A sky beast (D:9) 18 sheep
89 creatures vanquished. All 'Z' A trapdoor spider zombie (D:8) A water moccasin skeleton (D:8) A giant frog zombie (D:6) 2 giant frog skeletons 4 centaur skeletons A killer bee zombie (D:7) 2 hound skeletons A worker ant zombie (D:8) 3 adder skeletons A jackal zombie (D:7)
17 creatures vanquished. All 'a' 15 worker ants
15 creatures vanquished. All 'b' 4 fire bats 3 bats
7 creatures vanquished. All 'c' A centaur (D:10)
1 creature vanquished. All 'g' A gnoll sergeant (D:10) Robin (D:3) 9 gnolls 9 hobgoblins 16 goblins
36 creatures vanquished. All 'h' A polar bear (Lair:3) 14 wolves 4 black bears 7 hounds 11 jackals
37 creatures vanquished. All 'i' A spriggan (Lair:2)
1 creature vanquished. All 'k' 5 fire drakes
5 creatures vanquished. All 'l' 6 komodo dragons 3 basilisks 13 iguanas 4 giant geckos 6 giant newts
32 creatures vanquished. All 'o' 7 orc warriors 7 orc wizards 35 orcs
49 creatures vanquished. All 'p' A human (D:7)
1 creature vanquished. All 'r' 19 porcupines 92 river rats 6 quokkas 9 rats
126 creatures vanquished. All 's' A tarantella (Lair:4) 8 scorpions 7 giant cockroaches
16 creatures vanquished. All 't' 12 crocodiles
12 creatures vanquished. All 'w' Gastronok (Lair:3) A torpor snail (Lair:6)
2 creatures vanquished. All 'y' 17 killer bees
17 creatures vanquished. All 'z' 5 wights (D:9)
5 creatures vanquished.
641 creatures vanquished. Monster Nature Uniques Gastronok (Lair:3) Psyche (D:8) Menkaure (D:6) Robin (D:3)
4 creatures vanquished. Natural Monsters 2 ice dragons (IceCv) The ghost of Kagerus the Spear-Bearer, a journeyman HuFi of Yredelemnul (IceCv) 3 hydras The ghost of SkyBlueFox the Nimble, a journeyman OpTm of Yredelemnul (Lair:1) A death yak (Lair:6) 2 griffons 3 elephants (Lair:7) 7 black mambas A torpor snail (Lair:6) 8 spiny frogs 6 komodo dragons 5 fire drakes 2 trolls (D:9) 3 two-headed ogres A polar bear (Lair:3) A boulder beetle (Lair:6) A tarantella (Lair:4) 15 blink frogs A spriggan (Lair:2) 3 basilisks 42 yaks A human (D:7) 4 fire bats 7 hippogriffs 14 wolves 19 porcupines 18 water moccasins 24 ice beasts A sky beast (D:9) 4 ogres 4 black bears 7 orc warriors A centaur (D:10) 12 crocodiles 14 giant frogs A gnoll sergeant (D:10) 8 scorpions 17 killer bees A lava snake (D:8) 5 jellies 7 hounds 7 orc wizards 13 iguanas 15 worker ants 18 sheep 9 gnolls 92 river rats 13 adders 3 oozes 4 giant geckos 35 orcs 2 ball pythons 3 bats 7 giant cockroaches 9 hobgoblins 11 jackals 3 kobolds 6 quokkas 6 giant newts 16 goblins 9 rats
559 creatures vanquished. Non-Living Monsters An ice statue (IceCv)
1 creature vanquished. Undead Monsters A trapdoor spider zombie (D:8) A phantom (D:7) A water moccasin skeleton (D:8) 5 wights (D:9) A giant frog zombie (D:6) 2 giant frog skeletons 4 centaur skeletons A killer bee zombie (D:7) 2 hound skeletons A worker ant zombie (D:8) 3 adder skeletons A jackal zombie (D:7)
23 creatures vanquished. Demonic Monsters 3 crimson imps 5 shadow imps
8 creatures vanquished. Plants 21 fungi 25 plants
46 creatures vanquished.
641 creatures vanquished. Ascending Order Gastronok (Lair:3) The ghost of Kagerus the Spear-Bearer, a journeyman HuFi of Yredelemnul (IceCv) The ghost of SkyBlueFox the Nimble, a journeyman OpTm of Yredelemnul (Lair:1) A death yak (Lair:6) An ice statue (IceCv) A torpor snail (Lair:6) Psyche (D:8) A polar bear (Lair:3) A boulder beetle (Lair:6) A trapdoor spider zombie (D:8) A tarantella (Lair:4) A spriggan (Lair:2) A human (D:7) Menkaure (D:6) A phantom (D:7) A sky beast (D:9) A centaur (D:10) A gnoll sergeant (D:10) A water moccasin skeleton (D:8) A giant frog zombie (D:6) A lava snake (D:8) A killer bee zombie (D:7) A worker ant zombie (D:8) Robin (D:3) A jackal zombie (D:7) 2 ice dragons (IceCv) 2 griffons 2 trolls (D:9) 2 giant frog skeletons 2 hound skeletons 2 ball pythons 3 hydras 3 elephants (Lair:7) 3 two-headed ogres 3 basilisks 3 crimson imps 3 oozes 3 adder skeletons 3 kobolds 3 bats 4 fire bats 4 ogres 4 black bears 4 centaur skeletons 4 giant geckos 5 fire drakes 5 wights (D:9) 5 jellies 5 shadow imps 6 komodo dragons 6 quokkas 6 giant newts 7 black mambas 7 hippogriffs 7 orc warriors 7 orc wizards 7 hounds 7 giant cockroaches 8 spiny frogs 8 scorpions 9 gnolls 9 hobgoblins 9 rats 11 jackals 12 crocodiles 13 iguanas 13 adders 14 wolves 14 giant frogs 15 blink frogs 15 worker ants 16 goblins 17 killer bees 18 water moccasins 18 sheep 19 porcupines 21 fungi 24 ice beasts 25 plants 35 orcs 42 yaks 92 river rats
641 creatures vanquished.

Action                   |  1- 3 |  4- 6 |  7- 9 | 10-12 | 13-15 || total
-------------------------+-------+-------+-------+-------+-------++-------
Melee: Flail             |   107 |   128 |       |       |       ||   235
       Giant club        |       |    13 |   297 |    78 |       ||   388
       Giant spiked club |       |       |       |   588 |   456 ||  1044
Throw: Throwing net      |     2 |     6 |     3 |     1 |     1 ||    13
       Stone             |       |     6 |     2 |       |       ||     8
       Tomahawk          |       |    11 |    67 |   198 |   129 ||   405
       Javelin           |       |       |       |    28 |    23 ||    51
       Large rock        |       |       |       |    20 |    20 ||    40
Invok: Heroism           |       |       |     1 |     5 |     3 ||     9
Evoke: Wand              |       |       |       |       |     3 ||     3
  Use: Scroll            |     1 |     5 |     5 |     7 |    10 ||    28
       Potion            |       |     1 |     8 |    11 |     3 ||    23
 Stab: Sleeping          |     2 |     1 |     1 |     1 |       ||     5
       Held in net/web   |     1 |     1 |     1 |     1 |       ||     4
  Eat: Chunk             |       |     4 |    12 |    26 |    16 ||    58
       Bread ration      |       |     1 |       |       |     1 ||     2
       Royal jelly       |       |       |       |     1 |       ||     1
       Meat ration       |       |       |       |     1 |       ||     1
       Pizza             |       |       |       |       |     1 ||     1
       Fruit             |       |       |       |       |     1 ||     1
